[Event "Late Titled Tuesday Blitz February 8 2022"]
[White "Polanco Nunez, Yoel Estarling"]
[Black "Potapova, Margarita"]
[WhiteFideId "6401783"]
[BlackFideId "14126869"]
[WhiteElo "2132"]
[BlackElo "2209"]
[Result "0-1"]
[Round "03"]
[TimeControl "180+1"]
[Date "2022.02.09"]
[WhiteClock "0:00:07"]
[BlackClock "0:00:12"]

1. e4 c5 2. Nf3 d6 3. c3 Nf6 4. Be2 g6 5. O-O Bg7 6. Bb5+ Bd7 7. Bxd7+ Qxd7 8. Re1 O-O 9. d4 Nc6 10. Bg5 cxd4 11. cxd4 d5 12. e5 Ne4 13. Be3 f6 14. exf6 exf6 15. Nc3 f5 16. Qb3 Rad8 17. Rac1 Kh8 18. Nxe4 dxe4 19. Ne5 Nxe5 20. dxe5 Bxe5 21. Red1 Qg7 22. Bxa7 Bxb2 23. Rb1 Be5 24. Bb6 Rc8 25. Ba5 Ra8 26. Be1 f4 27. Rd5 Bf6 28. a4 Rfe8 29. h3 e3 30. fxe3 fxe3 31. Qb5 e2 32. Qd3 Rxa4 33. Rd6 Rd4 34. Rxd4 Bxd4+ 35. Kh1 Qf6 36. Qf3 Qxf3 37. gxf3 b6 38. Kg2 Kg7 39. Rb4 Bc5 40. Rb3 Kf6 41. Rd3 Kf5 42. Rd7 Re7 43. Rd8 b5 44. Rb8 b4 45. Rb5 Rc7 46. Bf2 Ke6 47. Be1 Kd6 48. Bg3+ Kc6 49. Bxc7 e1=Q 0-1


[Site "https://www.chess.com"]

[Event "Late Titled Tuesday Blitz February 8 2022"]
[White "Pranav, V"]
[Black "Beerdsen, Thomas"]
[WhiteFideId "25060783"]
[BlackFideId "1030108"]
[WhiteElo "2349"]
[BlackElo "2585"]
[Result "0-1"]
[Round "03"]
[TimeControl "180+1"]
[Date "2022.02.08"]
[WhiteClock "0:00:03"]
[BlackClock "0:00:44"]

1. e4 e5 2. Nf3 Nc6 3. Bb5 f5 4. d3 fxe4 5. dxe4 Nf6 6. O-O d6 7. Nc3 Be7 8. Qd3 O-O 9. Bxc6 bxc6 10. Qc4+ Kh8 11. Qxc6 Rb8 12. Qc4 c6 13. Rd1 Bg4 14. Qxc6 Rc8 15. Qa4 Nd7 16. Nd5 Bxf3 17. gxf3 Rxf3 18. Be3 Bg5 19. Kh1 Bxe3 20. fxe3 Nc5 21. Qc4 Qh4 22. Rf1 Rh3 23. Qe2 Nxe4 24. Qg2 Rg3 25. Qe2 Rg6 26. Rf3 Ng3+ 27. Rxg3 Rxg3 28. e4 Rg4 29. Rf1 Rxe4 30. Qf3 h6 31. Ne7 Qxe7 32. Qxe4 Qe6 33. b3 d5 34. Qe3 a5 35. c3 Qc6 36. Qxe5 d4+ 37. Kg1 dxc3 38. Rc1 c2 39. Qe2 Qc5+ 40. Qf2 Qg5+ 0-1


[Site "https://www.chess.com"]

[Event "Late Titled Tuesday Blitz February 8 2022"]
[White "Prieto Aranguren, Alain"]
[Black "Golubovskis, Maksims"]
[WhiteFideId "2268906"]
[BlackFideId "11608528"]
[WhiteElo "2235"]
[BlackElo "2066"]
[Result "1-0"]
[Round "03"]
[TimeControl "180+1"]
[Date "2022.02.09"]
[WhiteClock "0:00:48"]
[BlackClock "0:00:01"]

1. e4 c5 2. Nc3 d6 3. g3 Nc6 4. Bg2 g6 5. d3 Bg7 6. Be3 Nf6 7. Qd2 Ng4 8. Bf4 e5 9. Bg5 f6 10. h3 fxg5 11. hxg4 Bxg4 12. Nd5 Be6 13. Nh3 g4 14. Ng5 Bg8 15. O-O-O Bf6 16. f4 Bxg5 17. fxg5 Be6 18. Nf6+ Ke7 19. Rdf1 Rf8 20. Rxh7+ Rf7 21. Rxf7+ Bxf7 22. Qf2 Qa5 23. Nd5+ Bxd5 24. exd5 Qxa2 25. Qf6+ Kd7 26. dxc6+ 1-0


[Site "https://www.chess.com"]

[Event "Late Titled Tuesday Blitz February 8 2022"]
[White "Quirke, Jeffrey"]
[Black "Musovic, Armin"]
[WhiteFideId "2013029"]
[BlackFideId "939935"]
[WhiteElo "2251"]
[BlackElo "2250"]
[Result "0-1"]
[Round "03"]
[TimeControl "180+1"]
[Date "2022.02.09"]
[WhiteClock "0:00:01"]
[BlackClock "0:00:33"]

1. d4 d5 2. c4 c5 3. cxd5 Qxd5 4. Nf3 cxd4 5. Nc3 Qa5 6. Nxd4 Nf6 7. g3 e5 8. Nb3 Qc7 9. Bg2 Bb4 10. Bd2 Bxc3 11. Bxc3 O-O 12. O-O Rd8 13. Qc2 Bg4 14. Rac1 Nc6 15. Rfd1 h6 16. Rxd8+ Rxd8 17. Rd1 Rc8 18. h3 Bh5 19. g4 Bg6 20. Qc1 Ne4 21. Qe3 Nxc3 22. Qxc3 e4 23. Nc5 Ne5 24. Nxe4 Qb8 25. Qb3 h5 26. g5 Re8 27. Nd6 Rd8 28. Nxb7 Rxd1+ 29. Qxd1 Kh7 30. Qb3 Qc7 31. Qc3 Qe7 32. h4 Ng4 33. e3 Qd7 34. Bf3 Qf5 35. Kg2 Ne5 36. e4 Qf4 37. Nc5 Nxf3 38. Qxf3 Qxh4 39. Qg3 Bxe4+ 40. Nxe4 Qxe4+ 41. Qf3 Qc2 42. Qxf7 Qxb2 43. Qf5+ Kg8 44. g6 Qb7+ 45. Kg3 Qb8+ 46. Kh3 Qf8 47. Qxf8+ Kxf8 48. Kh4 Ke7 49. Kxh5 Kf6 50. f3 Kf5 51. a3 a6 52. a4 a5 53. Kh4 Kf4 0-1


[Site "https://www.chess.com"]

[Event "Late Titled Tuesday Blitz February 8 2022"]
[White "Ramirez, Alejandro"]
[Black "Nepomniachtchi, Ian"]
[WhiteFideId "6500617"]
[BlackFideId "4168119"]
[WhiteElo "2694"]
[BlackElo "2740"]
[Result "0-1"]
[Round "03"]
[TimeControl "180+1"]
[Date "2022.02.08"]
[WhiteClock "0:00:18"]
[BlackClock "0:01:03"]

1. b3 d5 2. Bb2 Bg4 3. f3 Bh5 4. e3 Nc6 5. Ne2 e5 6. Ng3 Bg6 7. Bb5 Bd6 8. f4 exf4 9. exf4 Nf6 10. f5 Bxg3+ 11. hxg3 Bxf5 12. Qf3 Bxc2 13. O-O Qd6 14. Bxf6 gxf6 15. Nc3 O-O-O 16. Qxf6 Bg6 17. Bxc6 bxc6 18. Qf4 Rhe8 19. Rac1 c5 20. Na4 Bd3 21. Nxc5 Bxf1 22. Qxf1 Kb8 23. Qb5+ Qb6 24. Qd3 Re6 25. Qxh7 Rde8 26. d4 R6e7 27. Qf5 c6 28. Qf4+ Ka8 29. Qd6 Qc7 30. Qf6 Re1+ 31. Rxe1 Rxe1+ 32. Kf2 Re8 33. a4 a5 34. g4 Ka7 35. g5 Qe7 36. Qxc6 Qe3+ 37. Kf1 Qe1# 0-1


[Site "https://www.chess.com"]

[Event "Late Titled Tuesday Blitz February 8 2022"]
[White "Rangel, Daniel"]
[Black "Pesotskiy, Mikhail"]
[WhiteFideId "2124475"]
[BlackFideId "34164453"]
[WhiteElo "2187"]
[BlackElo "2010"]
[Result "1-0"]
[Round "03"]
[TimeControl "180+1"]
[Date "2022.02.09"]
[WhiteClock "0:01:13"]
[BlackClock "0:00:50"]

1. c4 e5 2. g3 Nc6 3. Bg2 Bc5 4. Nc3 a6 5. e3 d6 6. Nge2 Ba7 7. O-O h5 8. Nd5 h4 9. d4 Nf6 10. dxe5 dxe5 11. Nec3 hxg3 12. hxg3 Bh3 13. Bxh3 Rxh3 14. Kg2 Rh8 15. Rh1 Rxh1 16. Qxh1 Nxd5 17. Qh8+ Kd7 18. Qh3+ Kd6 19. cxd5 Ne7 20. b3 c6 21. Ba3+ c5 22. Ne4+ Kxd5 23. Rd1+ Kxe4 24. Qg4# 1-0


[Site "https://www.chess.com"]

[Event "Late Titled Tuesday Blitz February 8 2022"]
[White "Riehle, Marco"]
[Black "Bilan, Danila"]
[WhiteFideId "12904392"]
[BlackFideId "24161918"]
[WhiteElo "2684"]
[BlackElo "2478"]
[Result "1-0"]
[Round "03"]
[TimeControl "180+1"]
[Date "2022.02.09"]
[WhiteClock "0:02:02"]
[BlackClock "0:00:01"]

1. e4 c6 2. c4 d5 3. exd5 cxd5 4. cxd5 Nf6 5. Nc3 Nxd5 6. Nf3 Nc6 7. Bb5 e6 8. O-O Be7 9. d4 O-O 10. Re1 Bf6 11. Ne4 Nce7 12. Nxf6+ Nxf6 13. Bg5 Ned5 14. Ne5 Qb6 15. Bd3 Qxb2 16. Qf3 Qxd4 17. Rad1 Qa4 18. Bb1 h6 19. Bc1 b6 20. Qg3 Nh5 21. Qf3 Qh4 22. g3 Qh3 23. Rd4 Ndf4 24. Bxf4 Ba6 25. Bc1 1-0


[Site "https://www.chess.com"]

[Event "Late Titled Tuesday Blitz February 8 2022"]
[White "Romanchuk, Viktor"]
[Black "Miszler, Levente"]
[WhiteFideId "14109271"]
[BlackFideId "763276"]
[WhiteElo "2242"]
[BlackElo "1966"]
[Result "1-0"]
[Round "03"]
[TimeControl "180+1"]
[Date "2022.02.09"]
[WhiteClock "0:00:04"]
[BlackClock "0:00:05"]

1. d4 d5 2. c4 c6 3. Nc3 Nf6 4. e3 e6 5. Nf3 Be7 6. Qc2 O-O 7. b3 Nbd7 8. Bb2 b6 9. Be2 Bb7 10. O-O Rc8 11. e4 dxe4 12. Nxe4 Nxe4 13. Qxe4 Nf6 14. Qe3 c5 15. Rad1 Qc7 16. Ne5 Rfd8 17. Rfe1 cxd4 18. Bxd4 Bc5 19. Bf3 Bxf3 20. Nxf3 Bxd4 21. Nxd4 Qc5 22. f3 h6 23. Nc2 Qf5 24. Nb4 Rxd1 25. Rxd1 Qa5 26. Qd2 g6 27. Nd3 Qxd2 28. Rxd2 Rd8 29. Kf2 Kf8 30. Ke2 Ke7 31. Ne5 Rc8 32. g4 Rc5 33. f4 g5 34. b4 Rc7 35. Kf3 Ne8 36. b5 Nd6 37. Nc6+ Kf6 38. Rc2 Nc8 39. a4 Ne7 40. Ne5 Nd5 41. Nd3 Nxf4 42. Nxf4 gxf4 43. Kxf4 e5+ 44. Ke4 Ke6 45. c5 Rxc5 46. Rxc5 bxc5 47. a5 Kd6 48. b6 axb6 49. a6 Kc6 50. Kxe5 b5 51. h4 b4 52. a7 Kb7 53. g5 b3 54. gxh6 b2 55. a8=Q+ Kxa8 56. h7 b1=Q 57. h8=Q+ Kb7 58. Qf8 Qe1+ 59. Kf6 Qxh4+ 60. Ke5 Qd4+ 61. Kf5 Qf2+ 62. Ke4 Qe2+ 63. Kd5 Qd3+ 64. Ke5 Kc6 65. Qc8+ Kb5 66. Qb7+ Kc4 67. Qxf7+ Kc3 68. Qa7 Qd4+ 69. Kf5 c4 70. Qa1+ Kd3 71. Qd1+ Kc3 72. Qa1+ Kb3 73. Qxd4 c3 74. Qb6+ Kc2 75. Ke4 Kd2 76. Qd4+ Kc2 77. Ke3 Kb2 78. Qb4+ Ka2 79. Qxc3 Kb1 80. Qb4+ Ka2 81. Kd2 Ka1 82. Kc2 Ka2 83. Qb2# 1-0


[Site "https://www.chess.com"]

[Event "Late Titled Tuesday Blitz February 8 2022"]
[White "Rudzinska, Michalina"]
[Black "Borisova, Ekaterina"]
[WhiteFideId "1172883"]
[BlackFideId "34124184"]
[WhiteElo "1904"]
[BlackElo "2034"]
[Result "0-1"]
[Round "03"]
[TimeControl "180+1"]
[Date "2022.02.09"]
[WhiteClock "0:00:06"]
[BlackClock "0:00:05"]

1. e4 c6 2. d4 d5 3. Nc3 dxe4 4. Nxe4 Bf5 5. Ng3 Bg6 6. Bc4 e6 7. N1e2 Bd6 8. Nf4 Nf6 9. Bb3 O-O 10. h4 e5 11. Nxg6 hxg6 12. h5 gxh5 13. Nxh5 exd4 14. Nxf6+ Qxf6 15. Qh5 Qe5+ 16. Qxe5 Bxe5 17. Bg5 Nd7 18. O-O-O Rfe8 19. a3 a5 20. Rh3 Nc5 21. Ba2 Ne6 22. Bd2 g6 23. Re1 Bg7 24. f4 Nc5 25. Reh1 Re2 26. f5 gxf5 27. Bh6 Rxg2 28. Bxg7 Kxg7 29. Rh7+ Kf6 30. Rxf7+ Ke5 31. Rh5 Rf2 32. Rh6 Ne4 33. Re6+ Kf4 34. Kd1 Ke3 35. Rh6 Rg8 36. Rh3+ Rg3 37. Rxg3+ Nxg3 38. Re7+ Ne4 39. Bc4 Rh2 40. c3 Rh1+ 41. Kc2 dxc3 42. bxc3 Rh2+ 43. Kb3 b5 44. Be6 Kf4 45. Bd7 Nc5# 0-1


[Site "https://www.chess.com"]

[Event "Late Titled Tuesday Blitz February 8 2022"]
[White "Sailer, Mike"]
[Black "Papp, Petra"]
[WhiteFideId "2012901"]
[BlackFideId "739049"]
[WhiteElo "2109"]
[BlackElo "2259"]
[Result "0-1"]
[Round "03"]
[TimeControl "180+1"]
[Date "2022.02.09"]
[WhiteClock "0:00:04"]
[BlackClock "0:00:39"]

1. d4 d6 2. Nf3 f5 3. g3 Nf6 4. Bg2 g6 5. b3 Bg7 6. Bb2 O-O 7. c4 c6 8. Nbd2 a5 9. Qc2 Na6 10. a3 Nc7 11. O-O h6 12. Rae1 d5 13. Ne5 g5 14. f3 Be6 15. e4 Nd7 16. exd5 cxd5 17. f4 g4 18. cxd5 Bxd5 19. Ndc4 Bxg2 20. Qxg2 Nxe5 21. Nxe5 Nd5 22. Rc1 e6 23. Qe2 Qb6 24. Rc5 Qxb3 25. Rfc1 Bxe5 26. dxe5 Qe3+ 27. Qxe3 Nxe3 28. Rc7 Rab8 29. Bd4 Nd5 30. Rd7 Rf7 31. Rxf7 Kxf7 32. Ba7 Ra8 33. Bc5 Ke8 34. Bd6 Kd7 35. Rb1 b6 36. h3 h5 37. hxg4 hxg4 38. Rb2 Rc8 39. Kf2 Rc3 40. a4 Kc6 41. Rd2 Rf3+ 42. Kg2 Ne3+ 43. Kh2 Nf1+ 0-1


[Site "https://www.chess.com"]

[Event "Late Titled Tuesday Blitz February 8 2022"]
[White "Sanal, Vahap"]
[Black "Daggupati, Balaji"]
[WhiteFideId "6300545"]
[BlackFideId "2090759"]
[WhiteElo "2603"]
[BlackElo "2723"]
[Result "0-1"]
[Round "03"]
[TimeControl "180+1"]
[Date "2022.02.08"]
[WhiteClock "0:00:01"]
[BlackClock "0:00:07"]

1. e4 c5 2. Nc3 Nc6 3. Bb5 Nd4 4. Nf3 e6 5. O-O a6 6. Bd3 Nc6 7. a3 Nge7 8. Rb1 Ng6 9. Bc4 Bd6 10. b4 cxb4 11. axb4 Bxb4 12. Bb2 O-O 13. d4 Bxc3 14. Bxc3 d5 15. Bd3 Nf4 16. Qd2 Nxd3 17. cxd3 b5 18. Qf4 a5 19. Rxb5 Ba6 20. Rc5 Bxd3 21. Rxc6 Bxf1 22. Kxf1 Rc8 23. Rc5 Qb6 24. Qe3 a4 25. exd5 exd5 26. g3 a3 27. Kg2 a2 28. Ba1 Qb1 29. Qc3 Rb8 30. Ne5 Rb3 31. Qc1 Qe4+ 32. f3 Qe2+ 33. Kh3 Rb1 34. Qc3 Rh1 35. Kg4 h5+ 36. Kf4 Qxh2 37. Rc8 g5+ 38. Kf5 Qh3+ 39. g4 hxg4 40. Rxf8+ Kxf8 41. Qc8+ Kg7 42. Kxg5 Qh4+ 43. Kf4 g3+ 44. Ke3 g2 45. Qf5 Qh6+ 46. Kd3 Rd1+ 47. Kc2 g1=Q 48. Ng4 Qc1+ 49. Kb3 Qb1+ 50. Ka4 Qxf5 0-1


[Site "https://www.chess.com"]

[Event "Late Titled Tuesday Blitz February 8 2022"]
[White "Santos, Rafael Ventura Dos"]
[Black "Kukula, Pawel"]
[WhiteFideId "2122227"]
[BlackFideId "1115081"]
[WhiteElo "2191"]
[BlackElo "2203"]
[Result "0-1"]
[Round "03"]
[TimeControl "180+1"]
[Date "2022.02.09"]
[WhiteClock "0:00:31"]
[BlackClock "0:01:16"]

1. e4 Nc6 2. Nf3 d6 3. h3 Nf6 4. Nc3 g6 5. Bb5 Bg7 6. Bxc6+ bxc6 7. O-O O-O 8. d4 Ba6 9. Re1 Nd7 10. b3 c5 11. Bb2 cxd4 12. Nxd4 c5 13. Nc6 Qe8 14. Rb1 Nb6 15. Na5 Rd8 16. Qd2 e6 17. Rbd1 c4 18. Ba1 cxb3 19. axb3 Rc8 20. g3 Qe7 21. Ne2 Bxa1 22. Rxa1 Bxe2 23. Rxe2 Rfd8 24. c4 Qf6 25. Rd1 d5 26. exd5 exd5 27. c5 Nd7 28. b4 Ne5 29. f4 Nf3+ 0-1


[Site "https://www.chess.com"]

[Event "Late Titled Tuesday Blitz February 8 2022"]
[White "Sarana, Alexey"]
[Black "Horvath, Dominik"]
[WhiteFideId "24133795"]
[BlackFideId "1642561"]
[WhiteElo "2665"]
[BlackElo "2336"]
[Result "1-0"]
[Round "03"]
[TimeControl "180+1"]
[Date "2022.02.08"]
[WhiteClock "0:01:33"]
[BlackClock "0:00:57"]

1. d4 Nf6 2. c4 e6 3. Nc3 Bb4 4. e3 O-O 5. Bd3 c5 6. Ne2 d5 7. a3 Bxc3+ 8. bxc3 dxc4 9. Bxc4 b6 10. f3 Ba6 11. Bxa6 Nxa6 12. e4 Qd7 13. Bg5 Ne8 14. Qd3 Nec7 15. O-O h6 16. Bf4 Rfd8 17. Qe3 Ne8 18. Rad1 Qa4 19. Ng3 g5 20. Bxg5 hxg5 21. Qxg5+ Kf8 22. f4 cxd4 23. f5 Qa5 24. cxd4 Qxa3 25. fxe6 1-0


[Site "https://www.chess.com"]

[Event "Late Titled Tuesday Blitz February 8 2022"]
[White "Sargsyan, Anna M."]
[Black "Ansh M Shah"]
[WhiteFideId "13308130"]
[BlackFideId "25033379"]
[WhiteElo "2271"]
[BlackElo "1819"]
[Result "1-0"]
[Round "03"]
[TimeControl "180+1"]
[Date "2022.02.09"]
[WhiteClock "0:00:38"]
[BlackClock "0:00:11"]

1. d4 Nf6 2. c4 e6 3. Nf3 c5 4. Nc3 d5 5. cxd5 Nxd5 6. e4 Nxc3 7. bxc3 Nc6 8. d5 exd5 9. exd5 Nb8 10. Bd3 Bd6 11. O-O O-O 12. h3 h6 13. Bc2 Nd7 14. c4 Ne5 15. Nd2 a6 16. Rb1 b5 17. cxb5 axb5 18. Rxb5 Ba6 19. a4 Bxb5 20. axb5 Rb8 21. f4 Ng6 22. f5 Ne5 23. f6 gxf6 24. Ne4 Ng6 25. Bxh6 Be5 26. Qh5 Bd4+ 27. Kh1 Re8 28. Ng3 Qd7 29. Bxg6 fxg6 30. Qxg6+ Kh8 31. Nf5 Rg8 32. Qh5 Qh7 33. Qh4 Be5 34. d6 Rg6 35. d7 Rd8 36. Rd1 Bd4 37. Re1 Be5 38. Rxe5 Rxh6 39. Nxh6 Rxd7 40. Re8+ Kg7 41. Qg4+ Kxh6 42. Rg8 Rg7 43. Qh4+ Kg6 44. Qxh7+ Kxh7 45. Rxg7+ Kxg7 46. b6 c4 47. b7 c3 48. b8=Q c2 49. Qc7+ Kg6 50. Qxc2+ Kg5 51. g4 f5 52. Qxf5+ Kh4 53. Qh5+ Kg3 54. g5 Kf2 55. g6 Kg3 56. g7 Kf2 57. g8=Q Kf1 58. Qg2+ Ke1 59. Qhe2# 1-0


[Site "https://www.chess.com"]

[Event "Late Titled Tuesday Blitz February 8 2022"]
[White "Savchenko, Boris"]
[Black "Cunha, Lucas Aguiar"]
[WhiteFideId "4147332"]
[BlackFideId "2125404"]
[WhiteElo "2894"]
[BlackElo "2527"]
[Result "0-1"]
[Round "03"]
[TimeControl "180+1"]
[Date "2022.02.09"]
[WhiteClock "0:00:07"]
[BlackClock "0:00:16"]

1. f4 d5 2. d3 Nf6 3. c3 g6 4. Nd2 Bh6 5. g3 O-O 6. Bg2 c5 7. Ngf3 Nc6 8. e4 dxe4 9. dxe4 e5 10. Nxe5 Nxe5 11. fxe5 Ng4 12. Nc4 Qxd1+ 13. Kxd1 Bxc1 14. Kxc1 Be6 15. Nd2 Nxe5 16. Kc2 Rad8 17. Nf3 Nc4 18. Rhe1 Rfe8 19. b3 Nd6 20. Rad1 h6 21. h3 Kg7 22. Nh2 b6 23. Nf1 Nb5 24. a4 Nc7 25. Ne3 Kf6 26. e5+ Kg7 27. Rd6 Rxd6 28. exd6 Na6 29. Bb7 Nb8 30. g4 Rd8 31. Rd1 Kf6 32. Nc4 Nd7 33. Bd5 Bxd5 34. Rxd5 Nf8 35. Rd2 Kg5 36. Rf2 f6 37. a5 b5 38. Nd2 f5 39. gxf5 gxf5 40. Nf3+ Kf4 41. Nd4+ Ke3 42. Re2+ Kf4 43. Nxb5 a6 44. Nc7 Rxd6 45. Rd2 Rc6 46. Nd5+ Kg5 47. Rg2+ Kh4 48. Nf4 Ne6 49. Rg6 Nd8 50. c4 Rxg6 51. Nxg6+ Kxh3 52. Kd2 Kg3 53. Ke3 h5 54. Nf4 h4 55. Nh5+ Kg4 56. Nf6+ Kg5 57. Nd7 Ne6 58. Nb8 Kg4 59. Nxa6 Kg3 60. Nb8 h3 61. Nd7 h2 62. Nxc5 Nxc5 0-1


[Site "https://www.chess.com"]

[Event "Late Titled Tuesday Blitz February 8 2022"]
[White "Sevian, Samuel"]
[Black "Erdogdu, Mert"]
[WhiteFideId "2040506"]
[BlackFideId "6301495"]
[WhiteElo "2698"]
[BlackElo "2485"]
[Result "0-1"]
[Round "03"]
[TimeControl "180+1"]
[Date "2022.02.08"]
[WhiteClock "0:00:10"]
[BlackClock "0:00:05"]

1. d4 d5 2. c4 e6 3. Nf3 c5 4. g3 Nf6 5. Bg2 Nc6 6. cxd5 exd5 7. O-O Be7 8. Nc3 O-O 9. Bg5 cxd4 10. Nxd4 h6 11. Bf4 Re8 12. Rc1 Qb6 13. Nxc6 bxc6 14. Na4 Qb5 15. Be5 Bg4 16. Re1 Bb4 17. Nc3 Bxc3 18. Bxc3 Rxe2 19. Bf1 Rxe1 20. Qxe1 Qa4 21. b3 Qxa2 22. Bxf6 gxf6 23. Rxc6 Kg7 24. Qc3 Be6 25. Qb4 Re8 26. h4 Qb1 27. Qa3 d4 28. Rc1 Qe4 29. Bg2 Qe5 30. Qxa7 d3 31. Qa2 Rd8 32. Qd2 Bxb3 33. Re1 Qxe1+ 34. Qxe1 d2 35. Qe3 d1=Q+ 36. Kh2 Bd5 37. f3 Be6 38. Qf4 Qd2 39. Qe4 Bd5 40. Qg4+ Kf8 41. Qf5 Be6 42. Qxf6 Ke8 43. h5 Rd5 44. g4 Qg5 45. Qh8+ Ke7 46. Qa8 Qe5+ 47. Kh3 Qxh5+ 48. Kg3 Qe5+ 49. Kh3 h5 50. f4 Bxg4+ 51. Kh4 Qf6+ 52. Kg3 Rd3+ 53. Kh2 Qxf4+ 54. Kg1 Rd1+ 0-1


[Site "https://www.chess.com"]

[Event "Late Titled Tuesday Blitz February 8 2022"]
[White "Shevchenko, Kirill"]
[Black "Pakleza, Zbigniew"]
[WhiteFideId "14129574"]
[BlackFideId "1119290"]
[WhiteElo "2624"]
[BlackElo "2467"]
[Result "1/2-1/2"]
[Round "03"]
[TimeControl "180+1"]
[Date "2022.02.08"]
[WhiteClock "0:01:44"]
[BlackClock "0:02:46"]

1. c4 c6 2. e4 d5 3. exd5 cxd5 4. d4 Nf6 5. Nc3 e6 6. Nf3 Bb4 7. cxd5 exd5 8. Bd3 O-O 9. O-O Bg4 10. h3 Bh5 11. Bg5 Bxc3 12. bxc3 Nbd7 13. Re1 1/2-1/2


[Site "https://www.chess.com"]

[Event "Late Titled Tuesday Blitz February 8 2022"]
[White "Shoker, Samy"]
[Black "Zivkovic, Nemanja"]
[WhiteFideId "627143"]
[BlackFideId "942154"]
[WhiteElo "2493"]
[BlackElo "2388"]
[Result "1-0"]
[Round "03"]
[TimeControl "180+1"]
[Date "2022.02.08"]
[WhiteClock "0:00:15"]
[BlackClock "0:00:05"]

1. Nf3 Nf6 2. g3 d5 3. Bg2 e6 4. O-O Be7 5. d3 O-O 6. Nbd2 c5 7. e4 Nc6 8. Re1 Qc7 9. Qe2 b5 10. e5 Nd7 11. Nf1 Rd8 12. Bf4 Nf8 13. h4 h6 14. h5 Nh7 15. Ne3 a5 16. c4 bxc4 17. dxc4 d4 18. Ng4 Bf8 19. Nd2 d3 20. Qf1 Bb7 21. a3 Rab8 22. Rab1 a4 23. Be4 Be7 24. Bxd3 Rd4 25. Nf3 Rxd3 26. Qxd3 Rd8 27. Qe2 Nd4 28. Nxd4 Rxd4 29. f3 Bg5 30. Be3 Bxe3+ 31. Qxe3 Ng5 32. Nh2 Qc6 33. Rbd1 Rxc4 34. Rd8+ Kh7 35. Qd3+ g6 36. hxg6+ Kg7 37. gxf7 Nxf7 38. Rd7 Rd4 39. Rxd4 cxd4 40. Qxd4 Ng5 41. Qc3 Qd5 42. Kg2 Nf7 43. Re2 Ng5 44. Rd2 Qb5 45. Qc7+ Kg6 46. Qc2+ Kh5 47. Qd3 Qc6 48. Qd4 Kg6 49. Qd3+ Kh5 50. Rc2 Qb6 51. Qc4 Qe3 52. Qg4+ Kg6 53. Rf2 h5 54. Qf4 Qe1 55. Qf6+ Kh7 56. Qxg5 h4 57. Qxh4+ 1-0


[Site "https://www.chess.com"]

[Event "Late Titled Tuesday Blitz February 8 2022"]
[White "Solon, Nathan"]
[Black "Stanisz, Patryk"]
[WhiteFideId "2017229"]
[BlackFideId "1123106"]
[WhiteElo "2544"]
[BlackElo "1876"]
[Result "1-0"]
[Round "03"]
[TimeControl "180+1"]
[Date "2022.02.09"]
[WhiteClock "0:00:17"]
[BlackClock "0:00:03"]

1. d4 d5 2. c4 c6 3. cxd5 cxd5 4. Nc3 Nf6 5. Bg5 Ne4 6. Nxe4 dxe4 7. a3 Nc6 8. d5 Ne5 9. Qa4+ Bd7 10. Qxe4 Ng6 11. Nf3 h6 12. Bd2 e6 13. e3 Be7 14. dxe6 Bxe6 15. Bb5+ Bd7 16. Qxb7 Bxb5 17. Qxb5+ Qd7 18. Qxd7+ Kxd7 19. Bc3 f6 20. O-O-O+ Ke6 21. Nd4+ Kf7 22. Nf5 Rhc8 23. Kb1 Bxa3 24. Nd6+ Bxd6 25. Rxd6 Rab8 26. Kc2 Rb7 27. Rhd1 Rcc7 28. f4 Ne7 29. e4 Nc6 30. g4 Nb4+ 31. Kb1 Nc6 32. h4 Ne7 33. Kc2 Nc8 34. Rd8 Nb6 35. g5 Na4 36. Kd3 Rxb2 37. g6+ Ke7 38. Bxb2 Nxb2+ 39. Ke2 Nxd1 40. Rxd1 Rb7 41. Kf3 Rb3+ 42. Kg4 Rb7 43. Kf5 Rb5+ 44. e5 fxe5 45. fxe5 Rb7 46. Ra1 Rc7 47. Ra6 Rb7 48. Rc6 Rd7 49. Rc8 Rb7 50. Rg8 Rb1 51. Rxg7+ Kf8 52. Rxa7 Kg8 53. Kf6 Rf1+ 54. Ke6 Rf8 55. h5 Rb8 56. Rh7 Re8+ 57. Kf5 Rf8+ 58. Ke4 Rc8 59. Rxh6 Kg7 60. Rh7+ Kg8 61. Kf5 Rc1 62. Ra7 Rf1+ 63. Ke6 Rf8 64. h6 Re8+ 65. Kf5 Kh8 66. Rb7 Rf8+ 67. Rf7 Re8 68. e6 Kg8 69. e7 Rxe7 70. Rxe7 Kf8 71. Kf6 Kg8 72. Re8# 1-0


[Site "https://www.chess.com"]

[Event "Late Titled Tuesday Blitz February 8 2022"]
[White "Stankovic, Ivan G"]
[Black "Karttunen, Mika"]
[WhiteFideId "902837"]
[BlackFideId "502081"]
[WhiteElo "2195"]
[BlackElo "2343"]
[Result "0-1"]
[Round "03"]
[TimeControl "180+1"]
[Date "2022.02.09"]
[WhiteClock "0:00:08"]
[BlackClock "0:00:16"]

1. e4 e5 2. d4 exd4 3. Qxd4 Nc6 4. Qe3 Nf6 5. Nc3 Bb4 6. Bd2 O-O 7. O-O-O Re8 8. f3 a6 9. Qf2 b5 10. g4 Bb7 11. h4 Ne5 12. h5 Nexg4 13. fxg4 Bxc3 14. Bxc3 Nxe4 15. Qg2 Nxc3 16. Qxb7 Nxd1 17. Kxd1 c6 18. Bd3 Qf6 19. Qxd7 Qxb2 20. Ne2 Re5 21. h6 g6 22. Qxc6 Rd8 23. Nc1 Qd4 24. Qf3 Re3 25. Qg2 Rde8 26. Rf1 Qe5 27. Qf2 Re7 28. Qf6 Re1+ 29. Kd2 Qe3+ 30. Kc3 Rc7+ 31. Kb3 Qe6+ 32. Qxe6 Rxe6 33. Rf4 Kf8 34. Ne2 Ke7 35. Nd4 Rd6 36. g5 Rc5 37. Re4+ Kd8 38. Nf3 Rf5 39. Nd4 Rxg5 40. a4 Rgd5 41. Nf3 bxa4+ 42. Kxa4 a5 43. Kb3 f5 44. Rc4 f4 45. Rxf4 Ke7 46. Re4+ Kf6 47. Kc3 Rc6+ 48. Kd2 Rdd6 49. Ke3 Re6 50. Nd4 Rxe4+ 51. Kxe4 Rc8 52. Nf3 Re8+ 53. Kd5 Re3 54. Nd4 Kg5 55. Ne6+ Kxh6 56. Nf8 Kg7 57. Ne6+ Kf6 58. Nf4 h5 59. Kd4 Re8 60. Nxg6 Rd8+ 61. Ke3 Rxd3+ 62. Kxd3 Kxg6 63. c4 Kf6 64. Kd4 Ke6 65. Kc5 Kd7 66. Kb6 a4 67. Kb7 Kd6 68. Kb6 a3 69. c5+ Kd5 70. c6 a2 71. c7 a1=Q 72. c8=Q Qb2+ 73. Ka7 Qa3+ 74. Kb8 Qd6+ 75. Ka7 Qc5+ 76. Qxc5+ Kxc5 0-1


[Site "https://www.chess.com"]

[Event "Late Titled Tuesday Blitz February 8 2022"]
[White "Stoleriu, George"]
[Black "Boros, Denes"]
[WhiteFideId "1227505"]
[BlackFideId "722340"]
[WhiteElo "2203"]
[BlackElo "2464"]
[Result "0-1"]
[Round "03"]
[TimeControl "180+1"]
[Date "2022.02.08"]
[WhiteClock "0:00:09"]
[BlackClock "0:00:25"]

1. e4 c6 2. Nf3 d5 3. exd5 Qxd5 4. Nc3 Qd6 5. d4 Nf6 6. Ne5 Be6 7. Bf4 Nd5 8. Nxd5 Qxd5 9. f3 Qa5+ 10. Qd2 Qxd2+ 11. Bxd2 g6 12. O-O-O Bg7 13. Bf4 O-O 14. Bd3 Rd8 15. c3 Bxa2 16. Rhe1 Nd7 17. Nc4 Bxc4 18. Bxc4 e6 19. Bc7 Re8 20. Kc2 Rac8 21. Bd6 Bf8 22. Bg3 h5 23. Bb3 Bg7 24. Bf4 Bf6 25. h3 h4 26. Re2 Red8 27. Ra1 a6 28. Rd1 Kg7 29. Rde1 Nb6 30. Bh2 Rd7 31. Rd1 Rcd8 32. Red2 Bg5 33. Rd3 Ra8 34. Re1 Bf6 35. Red1 Nd5 36. Kb1 b5 37. Re1 a5 38. Bc2 a4 39. Rdd1 a3 40. Bb3 axb2 41. Kxb2 b4 42. Bxd5 bxc3+ 43. Kxc3 Rxd5 44. Be5 Ra2 45. Rd2 Rxd2 46. Kxd2 Bxe5 47. Rxe5 Rxd4+ 48. Ke3 Ra4 49. f4 Ra2 50. Kf3 Rc2 51. Ra5 c5 52. Ra7 Rc3+ 53. Kg4 Rg3+ 54. Kxh4 Rxg2 55. Rc7 Rf2 56. Kg3 Rc2 57. Kg4 Kf6 58. h4 c4 59. Rc6 Rc1 60. Rc5 c3 61. Kg3 c2 62. Kg2 Ke7 63. Rc3 Kd6 64. Rc8 Kd5 65. f5 exf5 66. Rd8+ Ke4 67. Re8+ Kf4 68. Rc8 Kg4 69. Rc4+ f4 70. Kh2 f5 71. Kg2 Re1 72. Rxc2 Re2+ 73. Rxe2 f3+ 74. Kf2 fxe2 75. Kxe2 Kxh4 76. Kf3 g5 77. Kg2 Kg4 0-1


[Site "https://www.chess.com"]